 Dungeon Crawl Stone Soup version 0.29.1-2-gbd0b4ee654 (webtiles) character file.

Game seed: 4604861935431590492

250 styxcanada the Covert (level 5, -1/27 HPs)
             Began as a Spriggan Brigand on Nov 28, 2022.
             Slain by an orc
             ... wielding a +0 hand axe
              (3 damage)
             ... on level 5 of the Dungeon on Nov 29, 2022.
             The game lasted 00:14:37 (3746 turns).

styxcanada the Covert (Spriggan Brigand)            Turns: 3746, Time: 00:14:38

Health: -1/27      AC:  4    Str:  7    XL:     5   Next: 88%
Magic:  6/6        EV: 17    Int: 13    God:
Gold:   104        SH:  0    Dex: 18    Spells: 3/4 levels left

rFire   . . .      SeeInvis +   a - +3 dagger
rCold   . . .      Faith    .   (no shield)
rNeg    . . .      Spirit   .   b - +1 robe
rPois   .          Reflect  .   (helmet restricted)
rElec   .          Harm     .   c - +0 cloak
rCorr   .          Rampage  .   (gloves unavailable)
Will    .....                   (boots unavailable)
Stlth   ++++......              (no amulet)
HPRegen 0.09/turn               (no ring)
MPRegen 0.10/turn               (no ring)

@: very quick
A: very small, no large weapons, unfitting armour, see invisible, speed 3
a: no special abilities


You were on level 5 of the Dungeon.
You visited 1 branch of the dungeon, and saw 7 of its levels.

You collected 104 gold pieces.

Inventory:

Hand Weapons
 a - a +3 dagger (weapon)
Missiles
 d - 8 poisoned darts (quivered)
 e - 3 curare-tipped darts
 m - 27 stones
Armour
 b - a +1 robe (worn)
 c - a +0 cloak (worn)
 q - a scarf of resistance
Jewellery
 j - a ring of resist corrosion
Wands
 s - a wand of acid (3)
Scrolls
 g - 2 scrolls of enchant weapon
 h - 2 scrolls of enchant armour
 k - a scroll of amnesia {unknown}
 n - 3 scrolls of teleportation
 o - a scroll of fear {unknown}
 p - 2 scrolls of identify
 r - a scroll of summoning {unknown}
 t - a scroll of silence {unknown}
Potions
 f - 2 potions of lignification
 i - a potion of brilliance
 l - a potion of curing
 u - a potion of cancellation {unknown}


   Skills:
 * Level 2.4 Fighting
 + Level 3.2 Short Blades
 + Level 2.6 Throwing
 * Level 2.7 Dodging
 * Level 8.6 Stealth
 * Level 0.2 Spellcasting
 * Level 0.7 Evocations


You had 3 spell levels left.
You knew the following spells:

 Your Spells              Type           Power      Damage    Failure   Level
a - Magic Dart            Conj           0%         1d3       30%         1

Your spell library contained the following spells:

 Spells                   Type           Power      Damage    Failure   Level
 Beastly Appendage        Tmut           0%         N/A       30%         1
 Slow                     Hex            0%         N/A       30%         1
 Summon Small Mammal      Summ           0%         N/A       30%         1
 Searing Ray              Conj           0%         2d4       43%         2
 Wereblood                Tmut           0%         N/A       43%         2
 Call Canine Familiar     Summ           0%         N/A       67%         3
 Confusing Touch          Hex            0%         N/A       67%         3
 Dazzling Flash           Conj/Hex       0%         N/A       67%         3
 Spider Form              Tmut/Pois      0%         N/A       67%         3
 Summon Guardian Golem    Hex/Summ       0%         N/A       67%         3
 Vampiric Draining        Necr           0%         2d6       67%         3
 Fulminant Prism          Conj/Hex       0%         3d6       97%         4
 Iskenderun's Mystic Bla  Conj/Tloc      0%         2d3       97%         4
 Starburst                Conj/Fire      0%         6d3       100%        6


Dungeon Overview and Level Annotations

Branches:
Dungeon (7/15)
 Temple: D:4-7

Altars:

Shops:
D:6 (

Annotations:
D:6 Dowan, Duvessa, Menkaure


Innate Abilities, Weirdness & Mutations

You are very small and have problems with some larger weapons.
You are too small for most types of armour.
You have supernaturally acute eyesight. (SInv)
You cover ground extremely quickly. (Speed+++)


Message History

The hound barks!
The hound closely misses you.
You hit the hound.
The hound is lightly wounded.
The hound bites you.
* * * LOW HITPOINT WARNING * * *
Found a quarterstaff.
Found a great sword.
The hound pauses to sniff the ground.
An orc comes into view. It is wielding a +0 hand axe.
An orc comes into view. It is wielding a +0 hand axe.
Aiming: Corrosive Bolt
Press: ? - help, Shift-Dir - straight line, f - hound
Aim: a hound (lightly wounded, 60% to hit)
The bolt of acid hits the hound!
You kill the hound!
The bolt of acid hits the ice beast.
The ice beast is lightly wounded.
You hear a shout!
An orc comes into view. It is wielding a +0 hand axe.
Aiming: Corrosive Bolt
Press: ? - help, Shift-Dir - straight line, f - ice beast
Aim: an ice beast (lightly wounded, 71% to hit)
The bolt of acid hits the ice beast!
The acid corrodes the ice beast!
The ice beast is heavily wounded.
An orc comes into view. It is wielding a +0 short sword.
Throw: 9 darts (poison)
Press: ? - help, Q - select action, (/) - cycle Shift-Dir - straight line, f/p - ice beast
Aim: an ice beast (heavily wounded, covered in acid, 63% to hit)
You throw a poisoned dart. The poisoned dart hits the ice beast.
The ice beast is poisoned.
The ice beast is heavily wounded.
You hit the ice beast.
The ice beast is severely wounded.
The ice beast barely misses you.
You hit the ice beast.
The ice beast is almost dead.
You kill the ice beast!
The orc hits you with a +0 hand axe.
You die...

#.#.# #.#.##
#
#####....#.#
#...Y...>..#
#.###..#.#.#
#.#
#.###....
#(# ##.
#.### #†# ..
.# #@# .## #
#o# .# #)#
#o#


#oo #). .... #.## #.# You could see 4 orcs.

Vanquished Creatures
  An ice beast (D:5)
  2 hounds
  Crazy Yiuf (D:2)
  Ijyb (D:3)
  3 gnolls (D:2)
  2 adders
  An ufetubus (D:4)
  2 dart slugs
  An orc (D:3)
  6 endoplasms
  5 giant cockroaches
  14 goblins
  14 hobgoblins
  4 jackals (D:2)
  2 quokkas
  5 ball pythons
  7 bats
  4 kobolds
  5 rats
80 creatures vanquished.

Notes
Turn   | Place    | Note
-------+----------+-------------------------------------------
     0 | D:1      | styxcanada the Spriggan Brigand began the quest for the
                  | Orb.
     0 | D:1      | Reached XP level 1. HP: 10/10 MP: 2/2
    22 | D:1      | Reached skill level 6 in Stealth
   138 | D:1      | Reached XP level 2. HP: 14/15 MP: 3/3
   889 | D:2      | Reached XP level 3. HP: 18/18 MP: 4/4
  1054 | D:2      | Reached skill level 7 in Stealth
  1391 | D:2      | Reached XP level 4. HP: 5/23 MP: 5/5
  2151 | D:2      | Found a runed translucent door.
  2152 | D:2      | Noticed Crazy Yiuf
  2197 | D:2      | Killed Crazy Yiuf
  2863 | D:3      | Reached XP level 5. HP: 26/26 MP: 6/6
  2946 | D:3      | Reached skill level 8 in Stealth
  3040 | D:3      | Found a faded altar of an unknown god.
  3396 | D:3      | Noticed Ijyb
  3399 | D:3      | Killed Ijyb
  3564 | D:4      | Learned a level 1 spell: Magic Dart
  3627 | D:4      | You fall into a shaft and drop 3 floors!
  3645 | D:6      | Noticed Menkaure
  3682 | D:6      | Noticed Duvessa
  3683 | D:6      | Noticed Dowan
  3692 | D:6      | Found Xanishri's Weapon Boutique.
  3714 | D:5      | Entered Level 5 of the Dungeon
  3726 | D:5      | Noticed an ice beast
  3730 | D:5      | HP: 1/27 [hound (4)]
  3746 | D:5      | Killed an ice beast
  3746 | D:5      | Slain by an orc

Illustrated notes

Levels and vault maps discovered:
D:1:      dpeg_arrival_connections, layout_loops_ring
D:2:      cheibrodos_greedy_goblins, layout_loops_ring, uniq_crazy_yiuf_cottage
D:3:      layout_basic, shapermc_ecumenical_altar_petra,
          minmay_misc_feat_square, nicolae_figureground_pulse, uniq_ijyb
D:4:      layout_basic, nicolae_overflow_hidden_temple, grunt_ministairs_11
D:5:      layout_loops_ring, chequers_temple_overflow_minitemple,
          gammafunk_ghost_stat_death, uniq_sigmund, uniq_prince_ribbit1,
          uniq_blork_the_orc, uniq_edmund
D:6:      layout_gridville, lemuel_temple_firewalk_b, serial_shops, shop,
          minivault_23, st_stairs_9, minmay_misc_feat_cross, hex_large,
          minmay_chambers_of_fives, uniq_duvessa, uniq_menkaure, uniq_maggie
D:7:      layout_basic, mainiacjoe_overflow_brackets

Skill      XL: |  1  2  3  4  5 |
---------------+----------------+-----
Stealth        | 6 7 8 |  8.6
Fighting       | 2 |  2.4
Dodging        | 2 |  2.7
Short Blades   | 3 |  3.2
Throwing       | |  2.6
Spellcasting   | |  0.2
Evocations     | |  0.7

Action                   |  1- 3 |  4- 6 || total
-------------------------+-------+-------++-------
Melee: Dagger            |    83 |   104 ||   187
       Punch             |     1 |     1 ||     2
Throw: Dart              |    21 |    17 ||    38
Evoke: Wand              |       |     2 ||     2
  Use: Scroll            |     6 |     1 ||     7
 Stab: Sleeping          |    11 |    12 ||    23
       Distracted        |       |     1 ||     1
Armor: Robe              |     8 |    11 ||    19
Dodge: Dodged            |    49 |    56 ||   105
